AoeStats
← danimaocortes

Arena

509830678Analyzed
3v3 RM · 6d ago on Sep 28, 2026· 37m 44s· 6 players
Game mode
Random Map
Map size
Normal (6 player)
Population
200
Speed
Normal
Resources
Standard
Victory
Conquest
Starting age
Dark Age
Ending age
Imperial Age
RankedLock teamsTeams togetherTeam positionsShared explorationLock speedFull tech treeHidden civsTurbo modeCheats
Victory
Defeat
🇨🇴 Mongols · Colombia
907
+14
🇦🇿 Persians · Azerbaijan
876
+15
🇳🇿 Japanese · New Zealand
868
+15
🇨🇳 Dravidians · China
1075
-23
🇨🇳 Gurjaras · China
795
-12
🇨🇳 Byzantines · China
694
-9
Market Blockers
11:15 Feudal Age
12:09 Double-Bit Axe
14:56 Castle Age
12:38 Horse Collar
14:34 Wheelbarrow
15:57 Bow Saw
29:27 Imperial Age
28:12 Hand Cart
27:43 Loom
27:44 Town Watch
28:36 Ballistics
28:51 Fletching
29:02 Padded Archer Armor
29:50 Kshatriyas
29:54 Bodkin Arrow
30:14 Town Patrol
30:35 Thumb Ring
31:02 Gold Mining
32:35 Chemistry
31:26 Elite Elephant Archer
32:24 Bloodlines
32:15 Husbandry
32:02 Heavy Camel Rider
33:20 Forging
33:16 Scale Barding Armor
33:27 Leather Archer Armor
34:50 Bracer
36:00 Iron Casting
38:16 Gold Shaft Mining
AisakaTaiga
9:09 Loom
11:47 Feudal Age
15:50 Castle Age
17:01 Double-Bit Axe
16:58 Horse Collar
17:40 Heavy Plow
17:56 Bow Saw
18:04 Heavy Plow
18:59 Wheelbarrow
22:13 Gold Mining
24:36 Stone Mining
27:50 Scale Mail Armor
27:48 Pikeman
28:52 Chain Mail Armor
31:44 Imperial Age
30:02 Hand Cart
29:32 Town Watch
29:59 Squires
29:48 Gambesons
30:17 Forging
30:01 Fletching
29:38 Elite Skirmisher
29:43 Man-at-Arms
30:09 Arson
31:20 Town Patrol
30:45 Long Swordsman
32:03 Iron Casting
31:24 Bodkin Arrow
31:29 Padded Archer Armor
32:40 Thumb Ring
33:12 Plate Mail Armor
32:05 Halberdier
32:05 Two-Handed Swordsman
34:22 Two-Man Saw
34:34 Two-Man Saw
34:47 Chemistry
34:08 Ballistics
34:19 Champion
36:05 Conscription
36:51 Blast Furnace
36:07 Leather Archer Armor
35:52 Bracer
36:29 Masonry
38:01 Ring Archer Armor
Gatherer
11:20 Feudal Age
12:10 Double-Bit Axe
14:56 Castle Age
15:14 Horse Collar
15:46 Bow Saw
16:17 Wheelbarrow
15:54 Heavy Plow
28:06 Imperial Age
25:25 Loom
26:10 Gold Mining
26:10 Stone Mining
26:10 Gold Mining
27:17 Hand Cart
27:46 Gold Shaft Mining
27:46 Stone Shaft Mining
27:46 Gold Shaft Mining
27:48 Stone Shaft Mining
27:45 Forging
27:41 Scale Barding Armor
29:16 Iron Casting
29:01 Chain Barding Armor
30:25 Two-Man Saw
29:56 Crop Rotation
29:32 Husbandry
29:59 Thumb Ring
29:15 Crossbowman
29:54 Fletching
30:05 Padded Archer Armor
30:53 Arbalester
31:30 Bodkin Arrow
32:11 Plate Barding Armor
31:52 Leather Archer Armor
32:45 Chemistry
32:06 Ballistics
31:27 Treadmill Crane
31:43 Murder Holes
31:31 Light Cavalry
32:37 Bracer
33:07 Ring Archer Armor
32:37 Bracer
33:07 Ring Archer Armor
32:39 Scale Mail Armor
33:16 Greek Fire
32:39 Elite Cataphract
34:17 Chain Mail Armor
33:26 Pikeman
34:07 Squires
35:39 Plate Mail Armor
36:44 Guilds
danimaocortes
8:33 Loom
11:05 Feudal Age
9:35 Loom
13:11 Wheelbarrow
15:47 Castle Age
14:01 Double-Bit Axe
14:00 Horse Collar
18:16 Bow Saw
24:12 Scale Barding Armor
26:36 Pikeman
28:05 Forging
31:39 Bloodlines
31:51 Chain Barding Armor
34:20 Husbandry
36:53 Imperial Age
34:39 Hand Cart
petrdolce940
10:14 Loom
12:35 Feudal Age
13:23 Double-Bit Axe
13:22 Horse Collar
17:59 Castle Age
17:12 Man-at-Arms
19:49 Bow Saw
19:43 Heavy Plow
19:13 Long Swordsman
22:23 Gambesons
24:54 Forging
27:02 Scale Mail Armor
26:46 Pikeman
32:53 Imperial Age
31:06 Wheelbarrow
33:01 Two-Handed Swordsman
34:12 Chain Mail Armor
34:32 Iron Casting
35:06 Heavy Scorpion
36:28 Ballistics
37:09 Chemistry
36:45 Fletching
Russia05
10:18 Feudal Age
16:59 Castle Age
15:23 Double-Bit Axe
17:28 Horse Collar
21:00 Loom
24:49 Gold Mining
24:49 Stone Mining
29:43 Imperial Age
28:13 Wheelbarrow
28:51 Bloodlines
28:41 Husbandry
29:45 Fletching
29:56 Padded Archer Armor
30:02 Scale Barding Armor
30:08 Forging
30:24 Bow Saw
31:25 Chemistry
30:44 Bodkin Arrow
31:13 Ballistics
32:23 Crossbowman
33:08 Thumb Ring
33:15 Kamandaran
33:49 Thumb Ring
36:09 Leather Archer Armor
37:18 Gold Shaft Mining
36:33 Stone Mining
36:11 Light Cavalry
Connection lost

Rejoining the realm…

Still unreachable

The connection could not be restored.

Session expired

The server has moved on; the page needs a fresh start.